 Dungeon Crawl Stone Soup version 0.28.0-1-gb440e238dd (webtiles) character file.

Game seed: 9847529005516669115

98 iguanaiguana the Chopper (level 4, 0/40 HPs)
             Began as a Hill Orc Monk on Feb 20, 2022.
             Killed by nerve-wracking pain
             ... invoked by Grinder
              (8 damage)
             ... on level 3 of the Dungeon.
             The game lasted 00:12:20 (3881 turns).

iguanaiguana the Chopper (Hill Orc Monk)            Turns: 3881, Time: 00:12:20

Health: 0/40       AC: 11    Str: 15    XL:     4   Next: 69%
Magic:  4/4        EV:  5    Int: 10    God:
Gold:   105        SH:  0    Dex: 13    Spells: 3/3 levels left

rFire   . . .      SeeInvis .   a - +1 hand axe (flame)
rCold   . . .      Faith    .   (no shield)
rNeg    . . .      Spirit   .   d - +0 plate armour
rPois   .          Reflect  .   (no helmet)
rElec   .          Harm     .   (no cloak)
rCorr   .          Rampage  .   (no gloves)
Will    .....                   (no boots)
Stlth   ..........              (no amulet)
HPRegen 0.13/turn               (no ring)
MPRegen 0.09/turn               (no ring)

@: attractive
A: no striking features
a: no special abilities


You were on level 3 of the Dungeon.
You visited 1 branch of the dungeon, and saw 3 of its levels.

You collected 105 gold pieces.

Inventory:

Hand Weapons
 a - a +1 hand axe of flaming (weapon)
 j - a +0 hunting sling
Missiles
 k - 12 sling bullets
Armour
 b - a +0 robe
 c - a +0 leather armour
 d - a +0 plate armour (worn)
Scrolls
 e - a scroll of identify {@r1}
 g - a scroll of enchant armour


   Skills:
 + Level 4.0 Fighting
 * Level 4.8 Axes
 + Level 3.2 Armour
 - Level 2.4 Dodging
 - Level 2.1 Stealth


You had 3 spell levels left.
You didn't know any spells.
Your spell library contained the following spells:

 Spells                   Type           Power      Damage    Failure   Level
 Magic Dart               Conj           0%         1d3       100%        1
 Summon Small Mammal      Summ           0%         N/A       100%        1
 Call Imp                 Summ           0%         N/A       100%        2
 Ensorcelled Hibernation  Hex/Ice        0%         N/A       100%        2
 Passwall                 Tmut/Erth      0%         N/A       100%        2
 Call Canine Familiar     Summ           0%         N/A       100%        3
 Mephitic Cloud           Conj/Pois/Air  0%         N/A       100%        3
 Summon Guardian Golem    Hex/Summ       0%         N/A       100%        3
 Swiftness                Air            0%         N/A       100%        3
 Orb of Destruction       Conj           0%         9d5       100%        7
 Spellforged Servitor     Conj/Summ      0%         N/A       100%        7


Dungeon Overview and Level Annotations

Branches:
Dungeon (3/15)

Altars:

Annotations:
D:2 Pargi
D:3 Grinder


Message History

Okay, then.
You hit Grinder. You burn Grinder.
Grinder is lightly wounded.
Grinder barely misses you.
You hit Grinder. You burn Grinder.
Grinder is moderately wounded.
Grinder hits you but does no damage.
You hit Grinder but do no damage.
Grinder is lightly wounded.
Grinder gestures at you. You resist with significant effort.
You closely miss Grinder.
Grinder is lightly wounded.
Grinder hits you but does no damage.
You closely miss Grinder.
Grinder is lightly wounded.
Grinder hits you but does no damage.
You barely miss Grinder.
Grinder is lightly wounded.
Grinder hits you but does no damage.
You hit Grinder. You burn Grinder.
Grinder is moderately wounded.
Grinder barely misses you.
You closely miss Grinder.
Grinder is moderately wounded.
Grinder blinks!
Grinder is attracted toward you. Grinder is attracted toward you.
You closely miss Grinder.
Grinder is moderately wounded.
Grinder hits you but does no damage.
You hit Grinder. You burn Grinder.
Grinder is heavily wounded.
Grinder says, "There's only one good use for a tongue: cutting it out."
Grinder barely misses you.
You hit Grinder. You burn Grinder.
Grinder is heavily wounded.
You hear the quick rusting of a drain nearby.
Grinder gestures at you. Pain shoots through your body!
You die...

#.# #.# #.#### # ##+## #....#
. ##...## #.##.# ## ##.....##
###.##.# .# .##
##.......###......##.#
..####.........##.#.......#
.....'........§5@........§....
..####.<..†....##.#....######.
.## ##.......###.##...# ##
##.....## #.###..# # ##...##
#......# #### ##+## #####.##
...# #.# #.# ##.# #.# #.# #.#
#####.## #.#


You could see Grinder.

Vanquished Creatures
  Terence (D:2)
  An adder (D:2)
  A worm (D:2)
  2 dart slugs (D:1)
  An orc (D:2)
  4 ball pythons
  4 endoplasms (D:1)
  2 giant cockroaches (D:1)
  4 goblins
  5 hobgoblins
  6 jackals (D:1)
  3 kobolds
  2 quokkas (D:1)
  6 bats
  A frilled lizard (D:1)
  8 rats
51 creatures vanquished.

Vanquished Creatures (others)
  A giant cockroach (D:2)
1 creature vanquished.

Grand Total: 52 creatures vanquished

Notes
Turn   | Place    | Note
-------+----------+-------------------------------------------
     0 | D:1      | iguanaiguana the Hill Orc Monk began the quest for the Orb.
     0 | D:1      | Reached XP level 1. HP: 19/19 MP: 1/1
   204 | D:1      | Reached XP level 2. HP: 27/27 MP: 2/2
   663 | D:1      | Reached skill level 1 in Armour
   689 | D:1      | Reached XP level 3. HP: 30/33 MP: 3/3
  1453 | D:2      | Reached XP level 4. HP: 40/40 MP: 4/4
  1624 | D:2      | Found a faded altar of an unknown god.
  2005 | D:2      | Noticed Terence
  2103 | D:2      | Killed Terence
  2598 | D:2      | Found a faded altar of an unknown god.
  3619 | D:3      | Noticed Pargi
  3852 | D:3      | Noticed Grinder
  3855 | D:3      | Paralysed by Grinder for 2 turns
  3881 | D:3      | Killed from afar by Grinder

Illustrated notes

Levels and vault maps discovered:
D:1:      saegor_arrival_simple_e, layout_basic
D:2:      layout_basic, ebering_ecumenical_altar_rust,
          minmay_misc_feat_more_columns, chequers_serial_rivers_micro_a,
          lemuel_flame_loot_1, uniq_terence
D:3:      layout_loops_corners, portal_sewer_entry_d, serial_shops,
          nicolae_shop_behind_doors, minmay_pentomino_pile, uniq_pargi,
          uniq_grinder

Skill      XL: |  1  2  3  4 |
---------------+-------------+-----
Armour         | 1 2 3 |  3.2
Stealth        | 2 |  2.1
Fighting       | 4 |  4.0
Axes           | |  4.8
Dodging        | |  2.4

Action                   |  1- 3 |  4- 6 || total
-------------------------+-------+-------++-------
Melee: Hand axe          |   101 |    77 ||   178
       Punch             |     2 |       ||     2
 Fire: Hunting sling     |       |    12 ||    12
  Use: Scroll            |     3 |     4 ||     7
       Potion            |       |     2 ||     2
 Stab: Sleeping          |     2 |       ||     2
Armor: Leather armour    |    12 |       ||    12
       Robe              |     1 |       ||     1
       Plate armour      |    35 |    40 ||    75
Dodge: Dodged            |    40 |    29 ||    69
